[Event "Israel National League 2024"]
[Site "Israel"]
[Date "2024.02.09"]
[Round "5.15"]
[White "Iliaguev, Nisim"]
[Black "Smirin, Ilia"]
[Result "1/2-1/2"]
[ECO "A36"]
[WhiteElo "2399"]
[BlackElo "2582"]
[Annotator "TA"]
[PlyCount "85"]
[EventDate "2024.01.07"]
[EventType "team-tourn"]
[EventCountry "ISR"]
[SourceTitle "playchess.com"]
[Source "ChessBase"]
[SourceQuality "1"]
[TimeControl "40/5400+30:1800+30"]

1. c4 g6 2. g3 Bg7 3. Bg2 c5 4. Nc3 Nc6 5. e3 Nh6 6. Nge2 Nf5 7. O-O O-O 8. a3 d6 9. Rb1 a5 10. Nb5 e6 11. d4 cxd4 12. exd4 Qb6 (12... d5 $11) 13. Bf4 (13. d5 $14 exd5 14. Bxd5 (14. Qxd5 Ne5 $11)) 13... e5 $11 14. dxe5 dxe5 15. Bd2 Be6 16. Qa4 Rad8 17. Rfd1 Qc5 18. Rbc1 {[%emt 0:01:35][%cal Ob5c7] [#]} Rxd2 $1 19. Rxd2 Bh6 $1 20. Rdc2 Bxc1 21. Rxc1 Rd8 {[%emt 0:02:09] White must now prevent ...Rd2.} 22. Nc7 Rd2 23. Nxe6 ({White must play} 23. Qb5 $1 $15 Qxb5 24. cxb5) 23... fxe6 $19 24. Qb5 $2 {[%emt 0:00:25] [#]} (24. Re1) 24... b6 $2 ({Black should play} 24... Qf8 $1 $19 {...Nfd4 would now be deadly.} 25. Rf1 (25. Qxb7 $2 {loses.} Nfd4 $19) 25... Rxe2 26. Qxb7 Nd8) 25. Qxc6 $11 Qxc6 26. Bxc6 {[%emt 0:00:02] Hoping for Kf1.} Rxe2 {[%emt 0:00:06][%mdl 4096] Endgame. KRB-KRN} 27. b4 {[%emt 0:04:17] Threatens to win with bxa5.} Nd4 28. Kf1 {[%emt 0:00:41] bxa5 is the strong threat.} Rb2 29. b5 {[%emt 0:04:16] [#]} (29. c5 $11 {keeps the balance.} axb4 (29... Nxc6 30. cxb6 axb4 31. axb4 $11) 30. axb4) 29... Nb3 $1 $17 30. Rc3 Kf7 31. g4 a4 (31... g5 $17 32. Rf3+ Kg7) 32. g5 $11 e4 33. Kg2 (33. Rh3 $11) 33... Nc5 $15 34. Kg3 $2 (34. Rh3 $17 {was worth a try.}) 34... Ke7 $19 {[%emt 0:02:27] And now ...Kd6 would win.} 35. Re3 Rc2 ({Black should try} 35... Kd6 $19 {aiming for ...Ke5.} 36. Bxe4 Nxe4+ 37. Rxe4 Rb3+ 38. f3 Rxa3) 36. Bxe4 $15 Rxc4 37. Bc6 Kd6 38. Rf3 Ke7 (38... e5 $15) 39. Re3 $11 {[%emt 0:00:01] The position is equal.} Rd4 40. h4 Rd1 41. Kg4 Rg1+ 42. Kh3 Rb1 43. h5 {[%emt 0:00:00] Weighted Error Value: White=0.31/Black=0.27 (precise) .  Missed win:     	---       	Black=1      Mistake:       	White=6     	Black=4      Inaccurate:     	White=2     	---        OK:         	White=14    	Black=13     Best:        	White=2     	Black=2      Strong:       	---       	Black=2} 1/2-1/2

[Event "Israel National League 2024"]
[Site "Israel"]
[Date "2024.02.09"]
[Round "5.16"]
[White "Globus, Or"]
[Black "Karp, Ilya"]
[Result "1/2-1/2"]
[ECO "E68"]
[WhiteElo "2434"]
[BlackElo "2382"]
[Annotator "TA"]
[PlyCount "57"]
[EventDate "2024.01.07"]
[EventType "team-tourn"]
[EventCountry "ISR"]
[SourceTitle "playchess.com"]
[Source "ChessBase"]
[SourceQuality "1"]
[TimeControl "40/5400+30:1800+30"]

1. d4 Nf6 2. c4 g6 3. g3 Bg7 4. Bg2 d6 5. Nc3 O-O 6. Nf3 Nbd7 7. O-O e5 8. e4 exd4 9. Nxd4 Re8 10. h3 Nc5 11. Re1 h6 12. Kh2 Ne6 (12... a5 $11) 13. Be3 $16 {[%emt 0:08:38] White is much more active.} Nd7 14. Qd2 (14. Nxe6 $16 Rxe6 15. Rc1) 14... Nxd4 15. Bxd4 Ne5 16. b3 c5 17. Be3 Qf6 18. Bxh6 (18. Qe2 $16) 18... Bxh3 19. Nd5 {[%emt 0:04:09] The position is equal.} Nf3+ 20. Bxf3 $1 Qxf3 {[%emt 0:00:06][%csl Gh3][%cal Rf3g2] [#]} 21. Kxh3 {[%emt 0:00:46] Strongly threatening Bxg7.} Bxa1 22. Rxa1 {[%emt 0:02:07] Qf4 is the strong threat.} Re5 $1 23. Bg5 Rxg5 $1 24. Qxg5 Kg7 $1 {[%emt 0:00:01] [#] ( -> ...Rh8+)} 25. Qf6+ $1 Qxf6 26. Nxf6 Kxf6 27. Rd1 Ke6 28. Kg2 a6 29. Rd5 {[%emt 0:02:55] Weighted Error Value: White=0.20 (precise) /Black=0.13 (very precise) .  Mistake:       	White=2     	Black=1      Inaccurate:     	---       	Black=2      OK:         	White=4     	Black=4      Best:        	White=2     	Black=3      Strong:       	White=2     	Black=3} 1/2-1/2

[Event "Israel National League 2024"]
[Site "Israel"]
[Date "2024.02.09"]
[Round "5.17"]
[White "Mordechai, Hanan"]
[Black "Alekseev, Evgeny"]
[Result "0-1"]
[ECO "B46"]
[WhiteElo "2347"]
[BlackElo "2563"]
[Annotator "TA"]
[PlyCount "66"]
[EventDate "2024.01.07"]
[EventType "team-tourn"]
[EventCountry "ISR"]
[SourceTitle "playchess.com"]
[Source "ChessBase"]
[SourceQuality "1"]
[TimeControl "40/5400+30:1800+30"]

1. e4 c5 2. Nf3 e6 3. d4 cxd4 4. Nxd4 Nc6 5. Nc3 a6 6. f4 Qc7 7. Nxc6 bxc6 8. Bd3 d5 9. Qe2 Nf6 10. O-O Be7 11. Bd2 O-O 12. Rae1 Re8 {[%emt 0:06:30] The position is equal.} 13. Kh1 Bf8 14. e5 Nd7 15. Na4 a5 16. Be3 c5 {[%emt 0:03:54] White must now prevent ...c4.} 17. c4 Bb7 18. cxd5 exd5 19. b3 Bc6 (19... Nb6 $11) 20. Qc2 $16 d4 (20... g6 $16 {was necessary.}) 21. Bxh7+ $18 Kh8 {[%emt 0:00:03][%cal Og7g6] [#]} 22. Bd2 $2 (22. Qf5 $1 $18 {[%cal Rf5h5] aiming for Qh5!} Re6 (22... dxe3 $2 23. Qh5 $18) 23. Qxf7 Bxg2+ 24. Kg1 (24. Kxg2 Qc6+ 25. Kf2 Kxh7 $16) 24... Kxh7 25. Qxe6 Bxf1 26. Kxf1) 22... g6 $15 23. f5 $2 Kxh7 $2 (23... Nxe5 $19 {( -> ...Ng4)} 24. Bf4 (24. fxg6 {is a self mate.} Ng4 25. Rf4 Qxf4 26. g7+ Bxg7 27. Rxe8+ Rxe8 28. Kg1 Qxh2+ 29. Kf1 Bxg2#) 24... Kxh7) 24. fxg6+ (24. e6 $17) 24... fxg6 $19 25. Rf7+ Bg7 26. e6 {[%emt 0:02:49] [#]} Rf8 $2 (26... Qd6 $1 $19 27. exd7 Rxe1+ 28. Bxe1 Bxa4 29. bxa4 Qe6) 27. Re7 (27. Bf4 $11 Qb7 28. Qf2 Rxf7 29. Qh4+ Kg8 30. exf7+ Kxf7 31. Qe7+ Kg8 32. Qe6+ Kh7 33. Qh3+ Kg8 34. Qe6+ Kh7 35. Qh3+ Kg8 36. Qe6+) 27... Qd6 {[%emt 0:01:25] Black is clearly winning.} 28. Bg5 {[%emt 0:01:32] [#]} Rae8 $1 29. Rxe8 Rxe8 30. Qd3 Ne5 (30... Rxe6 $2 {too greedy.} 31. Qh3+ Kg8 32. Qxe6+ (32. Rxe6 Qd5 $14) 32... Qxe6 33. Rxe6 Bxa4 34. bxa4 $18) 31. Qh3+ Kg8 32. e7 Bxa4 33. bxa4 c4 {[%emt 0:00:07] Weighted Error Value: White=0.82/Black=0.67.  Loses game:     	White=2     	Black=1      Missed win:     	White=1     	Black=2      Mistake:       	White=1     	Black=2      OK:         	White=9     	Black=6      Best:        	White=3     	Black=1} 0-1

[Event "Israel National League 2024"]
[Site "Israel"]
[Date "2024.02.09"]
[Round "5.18"]
[White "Golod, Vitali"]
[Black "Uritsky, Yonathan"]
[Result "1-0"]
[ECO "A43"]
[WhiteElo "2498"]
[BlackElo "2097"]
[Annotator "RC"]
[PlyCount "73"]
[EventDate "2024.01.07"]
[EventType "team-tourn"]
[EventCountry "ISR"]
[SourceTitle "playchess.com"]
[Source "ChessBase"]
[SourceQuality "1"]
[TimeControl "40/5400+30:1800+30"]

1. d4 Nf6 2. Nf3 c5 3. d5 b5 4. Bg5 Qb6 5. Bxf6 Qxf6 6. c3 d6 7. e4 a6 8. Nbd2 g6 9. a4 b4 10. Rc1 Nd7 11. a5 bxc3 12. bxc3 Ne5 13. Nxe5 Qxe5 14. Bd3 Bh6 15. O-O Bg4 16. f3 Qf4 17. Rf2 Bd7 18. Rb1 Qf6 19. Nc4 Qxc3 20. Nb6 Rd8 21. Nxd7 c4 22. Bf1 Be3 23. Nb6 Qxa5 24. Nxc4 Bxf2+ 25. Kxf2 Qc5+ 26. Ne3 O-O 27. Bxa6 Ra8 28. Rc1 Qb6 29. Rc6 Qa5 30. Be2 Rfc8 31. Qd4 h5 32. f4 Rc7 33. e5 Rd8 34. Nc4 Qa7 35. Qxa7 Rxa7 36. exd6 Kg7 37. Rc7 1-0

[Event "Israel National League 2024"]
[Site "Israel"]
[Date "2024.02.09"]
[Round "5.19"]
[White "Parkhov, Yair"]
[Black "Romanov, Evgeny"]
[Result "1/2-1/2"]
[ECO "D35"]
[WhiteElo "2495"]
[BlackElo "2578"]
[Annotator "TA"]
[PlyCount "158"]
[EventDate "2024.01.07"]
[EventType "team-tourn"]
[EventCountry "ISR"]
[SourceTitle "playchess.com"]
[Source "ChessBase"]
[SourceQuality "1"]
[TimeControl "40/5400+30:1800+30"]

1. d4 Nf6 2. c4 e6 3. Nc3 d5 4. cxd5 exd5 5. Bg5 Be7 6. e3 O-O 7. Bd3 Re8 8. Nf3 h6 9. Bh4 c6 10. Bg3 Nh5 11. Be5 Nd7 12. h3 Nxe5 13. dxe5 g6 14. O-O Ng7 15. Qd2 Bf5 16. Rad1 Bxd3 17. Qxd3 Qb6 18. Nd4 Rad8 19. e6 f5 20. g4 Bf6 21. gxf5 Bxd4 22. exd4 Nxf5 23. Rfe1 Rd6 24. e7 Rxe7 25. Rxe7 Nxe7 26. Qe3 Nf5 27. Qe8+ Kg7 28. Qe5+ Kf7 29. Qh8 h5 30. Na4 Qd8 31. Qxd8 Rxd8 32. Nc5 b6 33. Nb3 Re8 34. Kf1 Kf6 35. Rd3 a5 36. Nd2 Ke6 37. Rb3 b5 38. Rd3 Kd6 39. Nb3 a4 40. Nc1 Re4 41. Ne2 b4 42. Ke1 g5 43. a3 (43. Kf1 {was worth a try.}) 43... b3 $19 44. Kd2 g4 45. hxg4 Rxg4 46. Kc3 h4 47. Rh3 Ke7 ({Not} 47... Rg2 48. Rf3 Ng7 49. Kb4 $17) 48. Rh2 Re4 49. Kd3 Kf6 50. Rg2 h3 51. Rh2 Rh4 52. f3 Kg5 53. Kc3 Ne3 54. Kb4 Nf1 55. Rh1 Nd2 56. Kxa4 h2 57. Kb4 Nxf3 58. a4 Rg4 59. a5 Rg2 60. Nc1 Rg1 61. Rxh2 Nxh2 62. Nxb3 Kf4 63. a6 Rg8 64. Kc5 Nf3 65. Kxc6 Ke4 66. Kb7 Nxd4 67. Nc5+ {[%emt 0:00:10] [#]} Ke5 $1 68. a7 {[%emt 0:00:21] [#]} Kd6 $2 ({Black should play} 68... Ne6 $1 $19 69. Na6 d4 (69... Nd8+ $2 70. Kb6 $18)) 69. b4 $11 Nc6 (69... Nb5 {simplifies} 70. a8=Q Rxa8 71. Kxa8 Kc7) 70. a8=Q (70. a8=R {simplifies} Rxa8 71. Kxa8 Nxb4 72. Nb3) 70... Rxa8 71. Kxa8 Nxb4 72. Nb3 Kc6 73. Kb8 Nc2 74. Kc8 Kb5 75. Kd7 Kc4 (75... Kb4 $5 76. Kc6 Ne3 $11 (76... Kxb3 77. Kxd5 $11)) 76. Kd6 $1 Ne3 77. Na5+ Kc3 78. Nc6 d4 79. Nxd4 $1 Kxd4 1/2-1/2

[Event "Israel National League 2024"]
[Site "Israel"]
[Date "2024.02.09"]
[Round "5.20"]
[White "Greenfeld, Alon"]
[Black "Bitensky, Igor"]
[Result "1/2-1/2"]
[ECO "E62"]
[WhiteElo "2455"]
[BlackElo "2384"]
[Annotator "TA"]
[PlyCount "133"]
[EventDate "2024.01.07"]
[EventType "team-tourn"]
[EventCountry "ISR"]
[SourceTitle "playchess.com"]
[Source "ChessBase"]
[SourceQuality "1"]
[TimeControl "40/5400+30:1800+30"]

1. d4 Nf6 2. Nf3 g6 3. c4 Bg7 4. g3 d6 5. Nc3 Bf5 6. Qb3 {[%emt 0:03:35] E62: King's Indian: Fianchetto: 6...c6 and Panno Variation (6...Nc6) without ...a6.} Qc8 7. Bg2 Nc6 $1 {[%emt 0:01:05] The main line 7...Nc6 scores better than 7...c6.} 8. d5 Nd8 9. O-O Bh3 10. Qa4+ $146 ({Predecessor:} 10. e4 Bxg2 11. Kxg2 O-O 12. Re1 Nd7 13. Bg5 e6 14. Rad1 a5 15. Qc2 Nc5 16. e5 {0-1 Muradli,M (2552)-Bortnyk,O (2604) Titled Tuesday intern op 09th Aug Late blitz 2022 (5)}) 10... Bd7 11. Qa3 Bh3 12. Bxh3 Qxh3 13. Qa4+ c6 14. dxc6 bxc6 15. Bg5 O-O 16. Rad1 Qf5 17. Kg2 h6 18. Bxf6 Bxf6 19. Rd3 a5 20. Rfd1 Rb8 21. e4 Qc5 22. e5 dxe5 23. Ne4 Qb4 24. Qxb4 axb4 25. Nxf6+ exf6 26. Rd6 Kg7 27. Nd2 Ne6 28. Nb3 Rfc8 29. Rd7 Ra8 30. Re7 Rd8 ({Inferior is} 30... Rxa2 31. Rdd7 Rxb2 32. Rxf7+ Kg8 33. Nc5 $11 (33. Rxf6 Nf8 $11)) 31. Rxd8 Rxd8 32. Rb7 c5 33. Rb5 Ra8 34. Ra5 Rc8 ({Black should play} 34... Rxa5 35. Nxa5 Kf8) 35. a4 $17 bxa3 36. bxa3 Rb8 37. Nxc5 Nxc5 38. Rxc5 Ra8 39. g4 Rxa3 40. f3 Rc3 41. Kf2 Rc2+ 42. Kg3 Re2 43. Rd5 f5 44. gxf5 gxf5 45. f4 f6 46. c5 Kg6 47. fxe5 fxe5 48. c6 Re3+ (48... Rc2 {simplifies} 49. Rxe5 Rxc6 50. Kf4 Ra6) 49. Kf2 Rc3 50. Rxe5 Rxc6 51. Kg3 Rc3+ 52. Kf4 Rc4+ 53. Kg3 $1 Kg5 54. h4+ Kf6 55. Ra5 h5 56. Ra6+ Ke5 57. Rh6 Rc3+ 58. Kf2 Ke4 59. Rxh5 Rc2+ 60. Kf1 Rc3 61. Kf2 Kf4 62. Rg5 Rh3 63. Rg8 Rxh4 64. Ra8 Rh2+ 65. Kf1 Kg4 66. Ra4+ f4 67. Ra3 1/2-1/2

[Event "Israel National League 2024"]
[Site "Israel"]
[Date "2024.02.09"]
[Round "5.21"]
[White "Gorodetzky, Matan"]
[Black "Dvoirys, Semen I."]
[Result "1/2-1/2"]
[ECO "D94"]
[WhiteElo "2325"]
[BlackElo "2466"]
[Annotator "TA"]
[PlyCount "69"]
[EventDate "2024.01.07"]
[EventType "team-tourn"]
[EventCountry "ISR"]
[SourceTitle "playchess.com"]
[Source "ChessBase"]
[SourceQuality "1"]
[TimeControl "40/5400+30:1800+30"]

1. Nf3 c5 2. e3 Nf6 3. d4 cxd4 4. exd4 g6 5. c4 Bg7 6. Nc3 d5 7. cxd5 Nxd5 8. Bc4 Nb6 9. Bb3 O-O 10. O-O Nc6 11. d5 Na5 12. h3 Bxc3 13. bxc3 {[%emt 0:00:00] Hoping for Bh6.} Nxb3 14. axb3 {[%emt 0:00:00] c4 is the strong threat.} Qxd5 15. c4 Qxd1 16. Rxd1 Bf5 17. Be3 Rfc8 {[%emt 0:07:53] Black is weak on the dark squares} 18. Ra5 Bc2 19. Rda1 {[%emt 0:00:00] aiming for Bxb6. White is more active.} Nd7 20. Nd4 (20. Bxa7 Bxb3 21. Rb5 Bxc4 22. Rxb7 Nf6 $16) 20... Bd3 21. Rxa7 (21. Rd1 $5 b6 22. Ra3 $16) 21... Rxa7 22. Rxa7 Nc5 (22... Rb8 $1 $14) 23. f3 ({White should try} 23. b4 $16 Na6 24. b5 (24. Rxb7 Rb8 $16)) 23... Rd8 24. b4 e5 $1 25. Bg5 Rxd4 {[%emt 0:00:54] The position is equal.} 26. bxc5 $11 {[%emt 0:00:00][%mdl 4096] Endgame. KRB-KRB} Kg7 {[%emt 0:00:21] Repels Bf6+} 27. Rxb7 Rxc4 28. Be3 Rc2 29. Rd7 Bc4 30. Rd6 Be6 31. h4 h5 32. Kh2 Rc3 33. Bf2 Kf6 34. Kg3 Ke7 35. Kh2 {[%emt 0:00:00] Weighted Error Value: White=0.09 (flawless) /Black=0.06 (flawless) .  Mistake:       	White=1     	Black=1      Inaccurate:     	---       	Black=1      OK:         	White=7     	Black=14     Strong:       	---       	Black=1} 1/2-1/2

[Event "Israel National League 2024"]
[Site "Israel"]
[Date "2024.02.09"]
[Round "5.22"]
[White "Kargin, Arseny"]
[Black "Gladyszev, Oleg"]
[Result "1-0"]
[ECO "B33"]
[WhiteElo "2377"]
[BlackElo "2410"]
[Annotator "TA"]
[PlyCount "80"]
[EventDate "2024.01.07"]
[EventType "team-tourn"]
[EventCountry "ISR"]
[SourceTitle "playchess.com"]
[Source "ChessBase"]
[SourceQuality "1"]
[TimeControl "40/5400+30:1800+30"]

1. e4 c5 2. Nf3 Nc6 3. d4 cxd4 4. Nxd4 Nf6 5. Nc3 e5 6. Ndb5 d6 7. Nd5 Nxd5 8. exd5 Nb8 9. a4 a6 10. Na3 Nd7 11. Nc4 b6 {[%emt 0:01:21] The position is equal.} 12. Be3 Bb7 (12... Rb8 $11) 13. Ra3 b5 14. axb5 axb5 15. Rb3 bxc4 16. Rxb7 Rb8 (16... Ra4 $14) 17. Ra7 $16 Nb6 18. Qa1 {[%emt 0:08:34][%cal Of1c4] Bxc4! would now be deadly. White is much more active.} Be7 19. Bxc4 {[%emt 0:08:18] Strongly threatening Bb5+.} O-O {[%emt 0:04:14] Black is weak on the light squares} 20. Bb3 Bg5 21. Bxg5 Qxg5 22. O-O f5 23. f4 exf4 24. Qc1 Rbe8 25. Qxf4 Qf6 (25... Qd8 $14 {feels stronger.}) 26. Rb7 Nc8 27. Ba4 Re5 (27... Re4 $2 28. Qxe4 fxe4 29. Rxf6 Rxf6 30. Rb8 $18) 28. c4 Ne7 29. Bd7 Ng6 30. Qf2 f4 (30... Kh8 $14) 31. Be6+ Kh8 32. Rd7 (32. b4 $14 h6 33. b5) 32... Re4 $11 33. b3 {[%emt 0:00:13] [#]} (33. Rxd6 $11 {remains equal.} Qe5 34. Rc6) 33... Qe5 (33... Ne5 $1 $17 {White must now prevent ...f3.} 34. Qc2 (34. Rxd6 $2 f3 $19) 34... Re3) 34. Rf7 $36 {[%emt 0:05:12][%mdl 2048] White is more active.} Ra8 35. Rf5 Qc3 36. Qf3 Qd4+ 37. Qf2 {[%emt 0:00:01] And now Qxd4 would win.} Qc3 {[%emt 0:00:07][%cal Oa8a1] [#] Hoping for ...Ra1!} (37... Re3 $5 38. Kh1 $8 (38. Bf7 $2 Ra1 $19) 38... Qe4 $11) 38. Qf3 Re3 39. Qh5 {[%emt 0:00:07][%cal Oh5h7] Threatening mate with Qxh7+!} Nf8 (39... Re5 $1 $11 40. Rxe5 Nxe5) 40. Qf7 $2 ({Much less strong is} 40. R1xf4 $6 Re1+ 41. Rf1 Rxf1+ 42. Rxf1 Qxb3 $16) (40. R5xf4 $18 Re1 41. Qh3 Rxf1+ 42. Rxf1 Qd4+ 43. Kh1) 40... g6 $2 {[%emt 0:00:15][%mdl 8192] Weighted Error Value: White=0.22 (precise) /Black=0.25 (precise) .  Loses game:     	---       	Black=2      Missed win:     	White=1     	---        Mistake:       	White=2     	Black=5      Inaccurate:     	White=2     	---        OK:         	White=12    	Black=11     Best:        	White=4     	Black=4} (40... Ng6 $14 41. R1xf4 Re1+ (41... Nxf4 42. Qf8+ Rxf8 43. Rxf8#) 42. Rf1 Rxf1+ 43. Rxf1 Qxb3) 1-0

[Event "Israel National League 2024"]
[Site "Israel"]
[Date "2024.02.09"]
[Round "5.23"]
[White "Katkov, Michelle"]
[Black "Khmelniker, Ilya"]
[Result "1/2-1/2"]
[ECO "C55"]
[WhiteElo "2106"]
[BlackElo "2469"]
[Annotator "TA"]
[PlyCount "82"]
[EventDate "2024.01.07"]
[EventType "team-tourn"]
[EventCountry "ISR"]
[SourceTitle "playchess.com"]
[Source "ChessBase"]
[SourceQuality "1"]
[TimeControl "40/5400+30:1800+30"]

1. e4 e5 2. Nf3 Nc6 3. Bc4 Nf6 4. d3 Be7 5. O-O O-O 6. Nc3 d6 7. a4 Bg4 8. h3 Bh5 9. Be3 Qc8 10. Kh2 Nd4 11. Bxd4 exd4 12. Nd5 Nxd5 13. Bxd5 c6 14. Bb3 d5 15. g4 (15. exd5 {simplifies} Bd6+ 16. Kh1 cxd5 17. a5) 15... Bxg4 16. hxg4 Qxg4 17. Rg1 $1 (17. Nxd4 $2 Bd6+ 18. f4 Bxf4+ 19. Rxf4 Qxf4+ 20. Kg2 dxe4 $19) 17... Bd6+ 18. e5 Qf4+ 19. Rg3 Bxe5 20. Nxe5 Qxe5 21. Qd2 Rae8 22. Rag1 (22. Qg5 {simplifies} g6 23. Qxe5 Rxe5 24. Rg4) 22... g6 23. Qh6 Re7 24. f4 {[%emt 0:01:50] White is more active.} (24. Kg2 $14) 24... Qd6 25. R1g2 Re3 26. Rxe3 dxe3 27. Rg3 $2 (27. c3 $11) 27... Qb4 $2 (27... Re8 $19 28. Rh3 Re6 29. Qxh7+ Kf8 30. Qh8+ Ke7 31. Qh4+ g5 32. Qxg5+ Kd7) 28. f5 $40 {[%emt 0:02:18][%cal Bf4f5,Bf5f6][%mdl 160] [#] Intending f6! and mate. Black needs to defend precisely. The board is on fire.} Qe1 (28... e2 $2 29. f6 $18) (28... Re8 $1 $11 {remains equal.} 29. fxg6 (29. Rxe3 $2 Qd2+ 30. Kh1 Rxe3 $19) 29... fxg6 30. Rxg6+ hxg6 31. Bxd5+ (31. Qxg6+ Kf8 $11) 31... cxd5 32. Qxg6+ Kf8 33. Qf6+ Kg8 34. Qg6+ Kf8 35. Qf6+ Kg8 36. Qg6+) 29. Qxe3 $16 (29. Rxe3 $6 Qf2+ 30. Kh3 Qf1+ 31. Kh2 Qf2+ 32. Kh3 Qf1+ 33. Kg3 Qg1+ 34. Kf3 Qf1+ 35. Kg4 Qg2+ (35... Qxf5+ 36. Kg3 $16) 36. Rg3 Qf1 $11 (36... Qe2+ 37. Kh3 $14)) 29... Qd1 (29... Re8 $16 30. Qxe1 (30. Qxa7 Re2+) 30... Rxe1) 30. f6 {[%emt 0:00:41][%cal Og3f3] aiming for Rf3!} (30. Qxa7 Re8 31. fxg6 (31. Qxb7 Qe2+ 32. Rg2 Qh5+ 33. Kg1 Re1+ 34. Kf2 Qe2+ 35. Kg3 Qe3+ 36. Kh2 Qf4+ 37. Rg3 Qf2+ 38. Kh3 Rh1+ 39. Kg4 Qxf5#) (31. Qf2 $2 Re2 $19) 31... Qd2+ (31... Re2+ $2 32. Rg2 $18) 32. Kh3 hxg6 $19) 30... Qh5+ 31. Rh3 Qf5 32. Rf3 (32. Qxa7 $2 {perishes.} Re8 (32... Qf4+ 33. Kg2 $11) 33. Kg3 (33. Qxb7 $2 Qf2+ 34. Kh1 Re1#) (33. Qd4 $2 Re2+ 34. Kg3 Qg5+ 35. Qg4 Re3+ 36. Kf2 Qxg4 $19) 33... h5 $19) 32... Qh5+ 33. Kg2 Qg4+ 34. Rg3 Qe6 35. Qxa7 (35. Qf2 $142) 35... Qxf6 {[%emt 0:00:04] [#]} 36. Qe3 {[%emt 0:00:30] Wards off Re8} (36. Qxb7 $2 {loses.} Re8 $19) ({White should try} 36. c3 $1 $16) 36... Qxb2 $11 37. d4 Qa3 38. Rh3 {[%emt 0:00:23] Threatening mate with Qh6.} h5 $1 39. Qe5 Qc1 40. Re3 f6 41. Qg3 Qd2+ {[%emt 0:31:17] White really could win this.   Weighted Error Value: White=0.30/Black=0.36.  Loses game:     	White=1     	Black=1      Missed win:     	---       	Black=1      Mistake:       	White=3     	Black=1      Inaccurate:     	White=4     	Black=4      OK:         	White=14    	Black=14     Best:        	White=4     	Black=3      Strong:       	White=1     	Black=1} 1/2-1/2

[Event "Israel National League 2024"]
[Site "Israel"]
[Date "2024.02.09"]
[Round "5.24"]
[White "Shvayger, Yuliya"]
[Black "Kunin, Pavel"]
[Result "1/2-1/2"]
[ECO "C10"]
[WhiteElo "2350"]
[BlackElo "2221"]
[Annotator "TA"]
[PlyCount "128"]
[EventDate "2024.01.07"]
[EventType "team-tourn"]
[EventCountry "ISR"]
[SourceTitle "playchess.com"]
[Source "ChessBase"]
[SourceQuality "1"]
[TimeControl "40/5400+30:1800+30"]

1. e4 e6 2. d4 d5 3. Nd2 dxe4 4. Nxe4 Nd7 5. Nf3 Ngf6 6. Nxf6+ Nxf6 7. Bd3 c5 8. O-O cxd4 9. Nxd4 Bc5 10. Be3 Bb6 11. c3 O-O {[%emt 0:00:51] C10: French with 3 Nc3: Unusual Black 3rd moves and 3...dxe4.} 12. Re1 e5 13. Nb3 Bg4 14. Qc2 Re8 $146 ({Predecessor:} 14... Bxe3 15. Rxe3 Qc7 16. h3 Bh5 17. Nd2 Nd5 18. Bxh7+ Kh8 19. Qf5 g6 20. Qxe5+ Qxe5 21. Rxe5 {½-½ Kapusta,T (2171)-Owens,J (2153) W-ch WS/M/630 email 2017}) 15. h3 Bh5 16. Bb5 Re7 17. Bg5 Bg6 18. Qe2 a6 19. Bxf6 gxf6 20. Bc4 Qc8 (20... Qc7 $17) 21. Bd5 Qf5 22. Be4 Qf4 23. Bxg6 hxg6 24. Rad1 e4 25. Nd4 f5 26. Qe3 Qh4 ({Black should try} 26... Qe5 $15 27. Qg5 Rae8) 27. Nxf5 $1 $14 Bxe3 28. Nxh4 Bg5 29. g3 Bxh4 30. gxh4 f5 31. Kh2 f4 (31... Kg7 $14) 32. Rd6 $16 Kf7 33. Rd4 Rae8 34. f3 exf3 35. Rxf4+ Kg8 $1 ({Don't play} 35... Kg7 36. Rxe7+ Rxe7 37. Kg3 $16 (37. Rxf3 Re2+ 38. Kg3 Rxb2 $11)) 36. Rxe7 Rxe7 37. Kg3 Re2 38. Rb4 (38. b4 {simplifies} Rxa2 39. Kxf3 Rh2 40. Kg3) 38... f2 39. Kg2 b5 40. a3 Rc2 41. a4 bxa4 42. Rxa4 Rxb2 43. Rxa6 Kg7 44. Rc6 Rc2 45. c4 Kh7 46. Rc7+ Kg8 47. Rc5 Kg7 48. Rc7+ Kg8 49. Rc5 Kg7 50. Kf1 Kg8 51. h5 gxh5 $1 52. h4 Kg7 53. Rg5+ Kh6 54. c5 Rb2 55. Re5 Rc2 56. Re6+ Kg7 57. c6 Kh7 58. Re7+ Kg6 59. Rc7 Kh6 60. Rc8 Kg7 61. Kg2 Kh7 62. c7 Kg7 63. Kf1 Kh7 64. Kg2 Kg7 1/2-1/2